 Dungeon Crawl Stone Soup version 0.24-a0-169-g71aafec (webtiles) character file.

Game seed: 7707110498832617162

28 Borgoz the Sneak (level 3, -1/20 HPs)
             Began as a Gargoyle Enchanter on Mar 8, 2019.
             Slain by a howler monkey (5 damage)
             ... on level 2 of the Dungeon.
             The game lasted 00:01:31 (919 turns).

Borgoz the Sneak (Gargoyle Enchanter)                Turns: 919, Time: 00:01:31

Health: -1/20      AC:  8    Str: 11    XL:     3   Next: 14%
Magic:  6/6        EV: 10    Int: 15    God:
Gold:   86         SH:  0    Dex: 11    Spells: 5/6 levels left

rFire    . . .     SeeInvis .   a - +1 dagger
rCold    . . .     Gourm    .   (no shield)
rNeg     + . .     Faith    .   f - +0 ring mail
rPois    ∞         Spirit   .   (no helmet)
rElec    +         Reflect  .   (no cloak)
rCorr    .         Harm     .   (no gloves)
MR       .....                  (no boots)
Stlth    ++........             (no amulet)
HPRegen  0.06/turn              (no ring)
MPRegen  0.10/turn              (no ring)

@: no status effects
A: negative energy resistance 1, electricity resistance, unbreathing,
petrification resistance, rot immunity, AC +3
a: no special abilities


You were on level 2 of the Dungeon.
You were not hungry.

You visited 1 branch of the dungeon, and saw 2 of its levels.

You collected 86 gold pieces.

Inventory:

Hand Weapons
 a - a +1 dagger (weapon)
Armour
 b - a +0 robe
 f - a +0 ring mail (worn)
Scrolls
 c - a scroll of blinking {unknown}
 e - 3 scrolls of remove curse {unknown}
Potions
 g - a potion of agility {unknown}
Comestibles
 d - 3 rations


   Skills:
 + Level 0.9 Fighting
 * Level 1.5 Short Blades
 + Level 0.7 Armour
 + Level 1.7 Dodging
 + Level 3.4 Stealth
 + Level 2.2 Spellcasting
 + Level 2.8 Hexes


You had 5 spell levels left.
You knew the following spells:

 Your Spells              Type           Power        Failure   Level  Hunger
a - Corona                Hex            ##.....      17%         1    #......

Your spell library contained the following spells:

 Spells                   Type           Power        Failure   Level  Hunger
 Ensorcelled Hibernation  Hex/Ice        #.....       41%         2    ###....
 Confuse                  Hex            ##......     45%         3    ###....
 Tukima's Dance           Hex            ##......     45%         3    ###....
 Dazzling Spray           Conj/Hex       #.....       65%         3    ###....


Dungeon Overview and Level Annotations

Branches:
Dungeon (2/15)

Altars:
Dithmenos
Uskayaw
Zin


Innate Abilities, Weirdness & Mutations

You are resistant to torment.
Your stone body is resilient. (AC +3)
You are immune to poison.
You resist negative energy. (rN+)
You are resistant to electric shocks. (rElec)
You can survive without breathing.
You are immune to petrification.
You are immune to rotting.


Message History

The howler monkey hits you.
You hit the howler monkey.
The howler monkey is heavily wounded.
The howler monkey hits you.
You are too injured to fight recklessly!
You are too injured to fight recklessly!
You hit the howler monkey.
The howler monkey is severely wounded.
The howler monkey barely misses you.
You closely miss the howler monkey.
The howler monkey is severely wounded.
The howler monkey misses you.
You hit the howler monkey.
The howler monkey is almost dead.
The howler monkey hits you.
* * * LOW HITPOINT WARNING * * *
You hit the howler monkey but do no damage.
The howler monkey is almost dead.
The howler monkey hits you.
You die...

......# #.# #.#
.....## #.######'###
.....####.##.......#
...#.#.............##
........†......>....#
#####.....##........#
# #.######........# #
#.# #........# # #.#
#[...@.!.# # #..
####h###+# ##. ..l. .
#.#.. ..... ### #. ..
#'


You could see a howler monkey and a frilled lizard.

Vanquished Creatures
  An adder (D:2)
  A giant cockroach (D:1)
  2 goblins
  5 hobgoblins
  A kobold (D:2)
  2 bats (D:2)
  3 frilled lizards
  5 rats (D:1)
20 creatures vanquished.

Notes
Turn   | Place    | Note
-------+----------+-------------------------------------------
     0 | D:1      | Borgoz the Gargoyle Enchanter began the quest for the Orb.
     0 | D:1      | Reached XP level 1. HP: 10/10 MP: 3/3
    24 | D:1      | Reached skill level 1 in Short Blades
    73 | D:1      | Reached XP level 2. HP: 10/15 MP: 5/5
   630 | D:2      | Found a shadowy altar of Dithmenos.
   633 | D:2      | Found a hide-covered altar of Uskayaw.
   636 | D:2      | Found a glowing silver altar of Zin.
   656 | D:2      | Reached XP level 3. HP: 7/20 MP: 6/6
   919 | D:2      | Slain by a howler monkey

Levels and vault maps discovered:
D:1:      dpeg_arrival_arbitrary_c, layout_rooms, minmay_misc_feat_enclosed
D:2:      layout_basic, grunt_temple_overflow_magic_moments,
          grunt_temple_overflow_open, fedhas_altar_4

Skill      XL: |  1 |
---------------+----+-----
Short Blades   | 1 |  1.5
Fighting       | |  0.9
Armour         | |  0.7
Dodging        | |  1.7
Stealth        | |  3.4
Spellcasting   | |  2.2
Hexes          | |  2.8

Action                   || total
-------------------------++-------
Melee: Dagger            ||    85
 Stab: Sleeping          ||     1
Armor: Robe              ||     7
       Ring mail         ||    18
Dodge: Dodged            ||    49

Table legend:
 A = Non-vault XP
 B = Vault XP
 C = Vault XP percentage of total XP
 D = Non-vault monster count
 E = Vault monster count
 F = Vault count percentage of total count
                 A         B        C        D         E       F
            +---------+---------+-------+---------+---------+-------
      Total |      41 |       0 |   0.0 |      20 |       0 |   0.0
            +---------+---------+-------+---------+---------+-------
        D:1 |      19 |       0 |   0.0 |      13 |       0 |   0.0
        D:2 |      22 |       0 |   0.0 |       7 |       0 |   0.0
            +---------+---------+-------+---------+---------+-------
